Cogmind - Beta 16.1 @@@ ROGUE MODE // 2026.02.17 @ 08:58:16 Player: Lintence Result: Self-destructed Performance ------------- Evolutions (2) 1000 Regions Visited (3) 600 Robots Destroyed (34) 170 Value Destroyed (878) 878 Prototype IDs (3) 60 Alien Tech Used (0) 0 Bonus (0) 0 TOTAL SCORE: 2708 Bonus ------- None Cogmind --------- Core Integrity 535/550 Matter 271/300 Energy 265/265 System Corruption 0% Temperature Cool (0) Movement Walking (115) Location -8/Materials Parts ------- > --- POWER (1) -------- Improved Ion Engine > --- PROPULSION (3) --- Aluminum Leg Improved Aluminum Leg Improved Aluminum Leg > --- UTILITY (4) ------ Medium Storage Unit Melee Analysis Suite Melee Analysis Suite Melee Analysis Suite > --- WEAPON (3) ------- Great Maul Great Maul Great Maul > --- INVENTORY (10) --- Improved Ion Engine Improved Ion Engine Aluminum Leg Aluminum Leg Medium Storage Unit Hacking Suite Great Maul Katana Peak State ------------ > --- POWER ------------ Improved Ion Engine > --- PROPULSION ------- Aluminum Leg Improved Aluminum Leg Improved Aluminum Leg > --- UTILITY ---------- Medium Storage Unit Melee Analysis Suite Melee Analysis Suite Melee Analysis Suite > --- WEAPON ----------- Great Maul Great Maul Katana > --- INVENTORY -------- Improved Ion Engine Improved Ion Engine Aluminum Leg Aluminum Leg Medium Storage Unit Melee Analysis Suite Great Maul Great Maul [Rating: 27] Favorites ----------- Power Improved Ion Engine Engine Improved Ion Engine Propulsion Aluminum Leg Leg Aluminum Leg Utility Melee Analysis Suite Device Heat Sink Storage Medium Storage Unit Processor Melee Analysis Suite Weapon Great Maul Energy Gun Medium Laser Energy Cannon Advanced Beam Cannon Ballistic Gun Assault Rifle Impact Weapon Great Maul Slashing Weapon Katana Build | -11 -10 -9 -8 ------- Run | Yrd Mat Mat Mat Slots Evolved 4 | . . 2 2 Power . | . . . . Propulsion 1 | . . 1 . Utility 2 | . . 1 1 Weapon 1 | . . . 1 Parts Attached 47 | 6 14 22 5 Power 8 | 1 3 3 1 Engine 8 | 1 3 3 1 Core . | . . . . Reactor . | . . . . Propulsion 14 | 2 5 7 . Treads . | . . . . Leg 14 | 2 5 7 . Wheel . | . . . . Hover . | . . . . Flight . | . . . . Utility 11 | 1 3 5 2 Device 2 | . 2 . . Storage 4 | 1 1 2 . Processor 5 | . . 3 2 Hackware . | . . . . Protection . | . . . . Artifact . | . . . . Weapon 14 | 2 3 7 2 Energy Gun 7 | . 3 4 . Energy Cannon 1 | . . 1 . Ballistic Gun 2 | 2 . . . Ballistic Cannon . | . . . . Launcher . | . . . . Special Weapon . | . . . . Impact Weapon 3 | . . 2 1 Slashing Weapon 1 | . . . 1 Piercing Weapon . | . . . . Special Melee Weapon . | . . . . Unidentified Prototypes 3 | . . 3 . Parts Lost 7 | . 5 1 1 Power 1 | . 1 . . Propulsion 2 | . 2 . . Utility 2 | . . 1 1 Weapon 2 | . 2 . . Highest Loss Streak 3 | . 3 1 1 To Critical Strikes . | . . . . Average Backups 8 | 1 6 9 7 Power 1 | . 1 2 2 Propulsion 1 | . . 2 2 Utility 1 | . . 1 1 Weapon 3 | . 3 3 2 Tool/Special . | . . . . Unused Backups 6 | . . 5 1 Power 1 | . . 1 . Propulsion . | . . . . Utility 2 | . . 2 . Weapon 3 | . . 2 1 Tool/Special . | . . . . Average Slot Usage (%) 97 | . 90 99 98 Engine 11 | . 13 11 9 Leg 30 | . 27 33 27 Device 6 | . 6 6 . Storage 11 | . 14 11 9 Processor 11 | . . 15 27 Energy Gun 9 | . 16 6 . Ballistic Gun 3 | . 11 . . Impact Weapon 11 | . . 14 26 Peak Build Rating 27 | 6 8 22 27 Average Rating 13 | 4 6 16 26 On Entrance 9 | . 6 8 22 Avg Prop Armor Cover (%) . | . . . . Naked Turns . | . . . . Heaviest Build 29 | 11 20 25 29 Greatest Support 36 | 20 20 36 36 Greatest Overweight (x) 6 | 1 6 . . Average Overweight (x) . | . . . . Largest Inventory Capacity 10 | 8 10 10 10 Average Capacity 9 | 6 9 10 10 Most Carried 10 | 2 10 10 9 Average Carried 8 | 1 6 9 7 Final Capacity 10 | 8 10 10 10 Final Carried 10 | 2 10 10 8 Class Distribution -------------------- 39% | Gladiator 33% | Scavenger-Mutant 15% | Mutant 10% | Scavenger-Gladiator Dominant Class ---------------- Scavenger-Mutant | -10/Materials Gladiator | -9/Materials Gladiator | -8/Materials Resources | -11 -10 -9 -8 ----------- Run | Yrd Mat Mat Mat Matter Collected 732 | 242 199 255 36 Remotely . | . . . . Salvage Created 1164 | . 353 775 36 Parts 35 | . 14 20 1 Haulers Intercepted 3 | . . 3 . Recyclers Shooed . | . . . . Parts Field Recycled . | . . . . Retrieved Matter . | . . . . Parts Self-Destructed . | . . . . Prevented . | . . . . Parts Restored . | . . . . Kills | -11 -10 -9 -8 ------- Run | Yrd Mat Mat Mat Combat Hostiles Destroyed 29 | . 10 18 1 Melee 10 | . . 10 . Guns 11 | . 8 3 . AOE 1 | . 1 . . Classes Destroyed 7 | . 2 5 . Hauler 3 | . . 3 . Recycler 1 | . . 1 . Watcher 1 | . . 1 . Swarmer 10 | . 3 7 . Grunt 13 | . 7 6 . Duelist 1 | . . 1 . Sentry 5 | . . 4 1 Best Kill Streak 5 | . 4 5 1 Combat Bots Only 4 | . 4 4 1 Max Kills in Single Turn 1 | . 1 1 1 Gunslinging . | . . . . Exploded 1 | . 1 . . Melee 1 | . . 1 . Uniques/NPCs Destroyed . | . . . . Combat | -11 -10 -9 -8 -------- Run | Yrd Mat Mat Mat Hostile Shots Fired 206 | . 77 115 14 Missed 55 | . 17 37 1 Hits 151 | . 60 78 13 Melee 1 | . . 1 . Projectile 150 | . 60 77 13 Critical Strikes 4 | . 1 3 . Damage Taken 1758 | . 709 856 193 Core 355 | . 129 211 15 Absorbed by Shields . | . . . . Core Remaining (%) 65 | 100 48 47 . Volleys Fired 38 | . 27 11 . Largest 2 | . 2 2 . Hottest 100 | . 100 100 . Shots Fired 71 | . 49 22 . Gun 71 | . 49 22 . Cannon . | . . . . Launcher . | . . . . Special . | . . . . Kinetic 18 | . 18 . . Thermal 49 | . 27 22 . Explosive . | . . . . Electromagnetic 4 | . 4 . . Robot Hit Streak 14 | . 12 14 . Robot Miss Streak 2 | . 2 2 . Penetration Max . | . . . . Secondary Targets 1 | . 1 . . Max Gunslinging Chain 1 | . 1 . . Shots Hit Robots 100 | . 37 57 6 Core Hits 27 | . 15 12 . Critical Kills . | . . . . Critical Parts Destroyed 14 | . . 11 3 Critical Strikes 19 | . 2 14 3 Burn 5 | . 2 3 . Smash 14 | . . 11 3 Melee Attacks 54 | . . 48 6 Impact 54 | . . 48 6 Slashing . | . . . . Piercing . | . . . . Sneak Attacks 5 | . . 5 . Combat Hostiles . | . . . . Follow-up Attacks 6 | . . 4 2 Damage Inflicted 3107 | . 587 2331 189 Guns 677 | . 466 211 . Cannons . | . . . . Explosions 121 | . 121 . . Melee 2309 | . . 2120 189 Ramming . | . . . . Kinetic 163 | . 163 . . Thermal 581 | . 370 211 . Explosive . | . . . . Electromagnetic 54 | . 54 . . Impact 2309 | . . 2120 189 Slashing . | . . . . Piercing . | . . . . Highest Corruption . | . . . . Average Corruption . | . . . . Corruption Purged . | . . . . Corruption Blocked . | . . . . Overload Shots . | . . . . Overflow Damage 949 | . . 859 90 Projectiles . | . . . . Explosions . | . . . . Melee 949 | . . 859 90 Knockbacks 6 | . . 6 . Impact 6 | . . 6 . Kinetic . | . . . . Secondary . | . . . . Self-Inflicted Damage 32 | . 32 . . Shots 1 | . 1 . . Rammed . | . . . . Targets Rammed . | . . . . Kicked . | . . . . Crushed . | . . . . Highest Temperature 303 | . 303 17 . Average Temperature 112 | . 116 10 . Received Heat Transfer 675 | . 387 234 54 Effects 1 | . 1 . . Interference 1 | . 1 . . Siege Activations . | . . . . Martial Activations . | . . . . Shielding Activations . | . . . . Robots Disrupted . | . . . . Combat Hostiles . | . . . . Robots Corrupted 8 | . . 7 1 Combat Hostiles 6 | . . 5 1 Parts Fried 10 | . 1 9 . Impact Corruptions 33 | . . 29 4 Robots Melted 1 | . 1 . . Combat Hostiles 1 | . 1 . . Parts Melted 2 | . . 2 . Heat Transferred 1939 | . 1088 851 . Parts Sabotaged . | . . . . Parts Stolen . | . . . . Parts Stripped . | . . . . Power Chain Reactions 1 | . 1 . . Alert | -11 -10 -9 -8 ------- Run | Yrd Mat Mat Mat Maximum Alert Level 1 | . . 1 . Low Security (%) 94 | 100 100 91 100 Level 1 5 | . . 8 . Level 2 . | . . . . Level 3 . | . . . . Level 4 . | . . . . Level 5 . | . . . . High Security . | . . . . Max Security . | . . . . Peak Influence 293 | . 169 293 119 Initial 119 | . . 59 119 Average 92 | . 68 108 105 Influence Increases 944 | . 329 585 30 Destroy 0b10 Robot/C 580 | . 200 360 20 Destroy 0b10 Robot/NC 25 | . . 25 . Destroy Leader 168 | . 50 108 10 Successful Hack 2 | . . 2 . Disable Machine 15 | . 15 . . Destroy Structure 4 | . 4 . . Lose Combat Pursuer 150 | . 60 90 . Influence Decreases 835 | . 188 442 205 Entered New Map 247 | . . 82 165 Time Decay 518 | . 138 350 30 Lost Part 70 | . 50 10 10 Squads Dispatched 6 | . 3 2 1 Investigation 2 | . 2 . . Extermination . | . . . . Reinforcement 4 | . 1 2 1 Assault . | . . . . Garrison . | . . . . Intercept . | . . . . Searches Triggered . | . . . . Construction Impeded . | . . . . Haulers Reinforced . | . . . . Active Scanning Responses . | . . . . Cargo Convoy Interrupts . | . . . . Stealth | -11 -10 -9 -8 --------- Run | Yrd Mat Mat Mat Distress Signals 4 | . 1 3 . Communications Jammed . | . . . . Distress Signals . | . . . . Times Spotted 53 | . 16 34 3 Peak Tracking Total 6 | . 6 6 3 Tactical Retreats 7 | . 3 4 . Traps | -11 -10 -9 -8 ------- Run | Yrd Mat Mat Mat Traps Triggered 3 | . 2 1 . Indirectly . | . . . . Trap Hack Attempts . | . . . . Triggered . | . . . . Disarmed . | . . . . Reprogrammed . | . . . . Reused . | . . . . Traps Extracted . | . . . . Installed . | . . . . Triggered . | . . . . Machines | -11 -10 -9 -8 ---------- Run | Yrd Mat Mat Mat Machines Disabled 1 | . 1 . . Max in Single Turn 1 | . 1 . . Machines Repaired . | . . . . Machines Dismantled . | . . . . Machines Sabotaged . | . . . . Overloaded Fab Kills . | . . . . Hacking | -11 -10 -9 -8 --------- Run | Yrd Mat Mat Mat Machines Accessed 1 | . . 1 . Terminals . | . . . . Fabricators . | . . . . Repair Stations . | . . . . Recycling Units . | . . . . Scanalyzers 1 | . . 1 . Garrison Access . | . . . . Total Hacks 4 | . . 4 . Successful 2 | . . 2 . Failed 2 | . . 2 . Catastrophic . | . . . . Database Lockouts . | . . . . Manual . | . . . . Terminals . | . . . . Fabricators . | . . . . Repair Stations . | . . . . Recycling Units . | . . . . Scanalyzers 4 | . . 4 . Garrison Access . | . . . . Terminal Hacks . | . . . . Fabricator Hacks . | . . . . Repair Station Hacks . | . . . . Recycling Unit Hacks . | . . . . Scanalyzer 2 | . . 2 . Retrieve Study 2 | . . 2 . Garrison Access Hacks . | . . . . Unauthorized Hacks . | . . . . Terminals . | . . . . Fabricators . | . . . . Repair Stations . | . . . . Recycling Units . | . . . . Scanalyzers . | . . . . Garrison Access . | . . . . Data Cores Recovered . | . . . . Used . | . . . . Hacking Detections 1 | . . 1 . Full Trace Events . | . . . . Feedback Events . | . . . . Feedback Blocked . | . . . . Robot Schematics Acquired . | . . . . Robots Built . | . . . . Authchips . | . . . . Time . | . . . . Total Robot Build Rating . | . . . . Part Schematics Acquired . | . . . . Parts Built . | . . . . Authchips . | . . . . Time . | . . . . Total Part Build Rating . | . . . . Part Studies Acquired 2 | . . 2 . Parts Repaired . | . . . . Time . | . . . . Parts Recycled . | . . . . Recycled Matter . | . . . . Retrieved Matter . | . . . . Retrieved Components . | . . . . Parts Scanalyzed . | . . . . Part Schematics Acquired . | . . . . Parts Damaged . | . . . . Bothacking | -11 -10 -9 -8 ------------ Run | Yrd Mat Mat Mat Used RIF Installer . | . . . . Robots Hacked . | . . . . Non-combat . | . . . . Combat . | . . . . Robot Hacks Applied . | . . . . Relay Couplers Released . | . . . . Fabnet Peak Effective % . | . . . . Robots Rewired . | . . . . Allies Hacked . | . . . . Hacks Repelled . | . . . . Allies | -11 -10 -9 -8 -------- Run | Yrd Mat Mat Mat Total Allies . | . . . . Largest Group . | . . . . Highest-Rated Group . | . . . . Highest-Rated Ally . | . . . . Total Orders . | . . . . Ally Attacks . | . . . . Total Damage . | . . . . Kills . | . . . . Allies Corrupted . | . . . . Allies Melted . | . . . . Intel | -11 -10 -9 -8 ------- Run | Yrd Mat Mat Mat Active Infowar (turns) . | . . . . Robot Analysis Total . | . . . . Derelict Logs Recovered . | . . . . Drone Launches . | . . . . Drone Recoveries . | . . . . Exploration | -11 -10 -9 -8 ------------- Run | Yrd Mat Mat Mat Turns Passed 1321 | 45 402 797 77 Spaces Moved 838 | 30 242 524 42 Core 12 | 10 2 . . Treads . | . . . . Legs 826 | 20 240 524 42 Wheels . | . . . . Hover . | . . . . Flight . | . . . . Fastest Speed 50 | 50 120 105 115 Average Speed 112 | 117 122 108 115 Slowest Speed 350 | 190 350 120 115 Overloaded Moves . | . . . . Propulsion Burnouts . | . . . . Robots Hopped . | . . . . Potential Cave-ins . | . . . . Cave-ins Triggered . | . . . . Exploration Rate (%) 33 | 3 68 56 7 Regions Visited 3 Branch Regions . Pre-discovered Areas . | . . . . Known Exits Taken . | . . . . Unknown Exits Taken 3 | 1 1 1 . Scrap Searched . | . . . . Spaces Dug . | . . . . Terrain Destroyed 3 | . 3 . . Melee . | . . . . Projectile . | . . . . AOE 3 | . 3 . . Terrain Rammed . | . . . . Walls Destroyed . | . . . . Machines Disabled . | . . . . Actions | -11 -10 -9 -8 --------- Run | Yrd Mat Mat Mat Total 1045 | 37 293 655 60 Wait 20 | . 5 8 7 Move 835 | 29 241 523 42 Hop . | . . . . Pick Up 20 | 2 4 13 1 Fast Attach 19 | 6 5 8 . Attach 9 | . 2 4 3 Detach 2 | . . 2 . Swap 26 | . 8 15 3 Drop 30 | . 1 29 . Fire 38 | . 27 11 . Melee 46 | . . 42 4 Ram . | . . . . Kick . | . . . . Crush . | . . . . Escape Stasis . | . . . . Rewire . | . . . . Trap . | . . . . Miscellaneous . | . . . . Route ------- -11/Scrapyard -10/Materials (discovered 2 exits: *Mat / [*Min]) -9/Materials (discovered 2 exits: *Mat / [*Sto]) -8/Materials History --------- Turn | Location | Event 18 | -11/Scrapyard | Discovered new exit (range 16) 46 | -11/Scrapyard | Entered Materials 255 | -10/Materials | Lost 3 parts (1p2n) 300 | -10/Materials | Discovered new exit (range 7) 361 | -10/Materials | Discovered new exit (range 14) 402 | -10/Materials | Core integrity fell below 50% 448 | -10/Materials | Entered another Materials area 448 | -9/Materials | Evolved 2 slots: Propulsion x1, Utility x1 532 | -9/Materials | Build established: Scavenger-Mutant 1042 | -9/Materials | Discovered new exit (range 13) 1129 | -9/Materials | Build established: Gladiator 1190 | -9/Materials | Core integrity fell below 50% 1219 | -9/Materials | Discovered new exit (range 16) 1245 | -9/Materials | Entered another Materials area 1245 | -8/Materials | Evolved 2 slots: Utility x1, Weapon x1 1322 | -8/Materials | Self-destructed Last Messages --------------- Defender. 01307_ Y-45 Defender suffers critical hit (Smash). 01307_ Destroyed Beam Rifle. 01307_ Y-45 Defender system corrupted by crushing effect. 01307_ Great Maul follow-up attack on Y-45 Defender. 01307_ Y-45 Defender suffers critical hit (Smash). 01307_ Destroyed Hvy. Assault Rifle. 01307_ Destroyed Lgt. Armor Plating. 01307_ Y-45 Defender system corrupted by crushing effect. 01308_ Y-45 Defender system terminally corrupted. 01311_ Acquired 36 matter. 01318_ Acquired Hacking Suite. 01322_ Connecting with Terminal... 01322_ Current location identified: Materials Map ----- +----------------------------------------------------+ | | | | | | | | | | | | | | | | | | | | | | | ?????????????????????????????????????????????????? | | ?????????????????????????????????????????????????? | | ?????????????????????????????????????????????????? | | ??######?????????????????????????????????????????? | | ?##!!!!##???????????????#????????????????????????? | | ?#! !#??????????????"#????????????????????????? | | ?# #????#######?? #????????????????????????? | | ## ###### ###/######+???????????????????? | | ??????????????????? | | " ??????????????????? | | ??????????????????? | | ###+########## #####?????????????????????????? | | ?# #??## ###########????????????????????? | | ?# """ #???# #= T #????????????????????? | | ?# """ #???# # @ #????????????????????? | | ?# """ #???# + #????????????????????? | | ?# #???# # #????????????????????? | | ?# """ #???# =###########????????????????????? | | ?# """ #???# #??????????????????????????????? | | ?# """ #??# % #?????????????????????????????? | | ?# #??# ????????????????????????????? | | ?##########??# ???????????????????????????? | | ?????????????# ??????????????????????????? | | ?????????????# ! #####?????????????????????????? | | ?????????????#######?????????????????????????????? | | ?????????????????????????????????????????????????? | | ?????????????????????????????????????????????????? | | ?????????????????????????????????????????????????? | | ?????????????????????????????????????????????????? | | ?????????????????????????????????????????????????? | | ?????????????????????????????????????????????????? | | ?????????????????????????????????????????????????? | | ?????????????????????????????????????????????????? | | ?????????????????????????????????????????????????? | | ?????????????????????????????????????????????????? | | ?????????????????????????????????????????????????? | | ?????????????????????????????????????????????????? | | ?????????????????????????????????????????????????? | | ?????????????????????????????????????????????????? | +----------------------------------------------------+ Best States ------------- Heat Dissipation 48 Energy Generation 12 Energy Capacity 265 Matter Stores 300 Matter Capacity 300 Sight Range 16 Terrain Scan Density 10 Evasion (%) 55 Melee Accuracy 15 Item Schematics ----------------- None Robot Schematics ------------------ None Fabricated ------------ Nothing Repaired ---------- Nothing Studied --------- Med. Laser | -9/Materials | Hacked Aluminum Leg | -9/Materials | Hacked Alien Tech Used ----------------- None Achievements -------------- None Challenges ------------ None Game ------ Seed MakeshiftPlexusSpoofer Manual? 0 Play Time 00:14:11 Cumulative 88.1 hours Start 2026.02.17 @ 08:44:46 End 2026.02.17 @ 08:58:16 Sessions 1 Manual Loads 0 Difficulty Rogue Special Mode None Game No. 176 Rogue 176 Adventurer 0 Explorer 0 Win Type - Total 1 Types 1/0/0/0/0/0/0/0/0/0 Lore% 26 Gallery% 35 Achievement% 26 Wizard Run 0 Options --------- Layout 1 ASCII 0 Keyboard 0 Movement Mouse Keybinds 0 Fullscreen 2 Font 20/X11 Map View 50x35 Zoom Use 0% Tactical HUD 1 Map Filters NONE Filters NONE Steam 1 RUN: ea5dfe56-fa10-4d32-b411-a098a99772d7